AoeStats
← TOURS01

Northern Isles

510315428Analyzed
1v1 RM · 3d ago on Sep 30, 2026· 51m 33s· 2 players
Game mode
Random Map
Map size
Tiny (2 player)
Population
200
Speed
Normal
Resources
Standard
Victory
Conquest
Starting age
Dark Age
Ending age
Imperial Age
RankedLock teamsTeams togetherTeam positionsShared explorationLock speedFull tech treeHidden civsTurbo modeCheats
Victory
Defeat
🇯🇵 Japanese · Japan
499
+16
🇪🇸 Spanish · Spain
498
-16
joselloter
14:42 Feudal Age
16:11 Wheelbarrow
21:46 Fishing Lines
26:59 Castle Age
27:50 Scale Barding Armor
27:51 Gillnets
29:39 Husbandry
31:35 Double-Bit Axe
32:33 Chain Barding Armor
36:21 Hand Cart
42:56 Imperial Age
43:06 Stone Mining
43:07 Gold Mining
43:35 Bow Saw
44:48 Cavalier
46:43 Horse Collar
48:40 Heavy Plow
51:09 Paladin
TOURS01
12:21 Feudal Age
14:02 Man-at-Arms
16:52 Double-Bit Axe
17:44 Wheelbarrow
25:48 Castle Age
24:05 Stone Mining
24:05 Gold Mining
28:37 Medium Warships
29:33 Scale Mail Armor
29:53 Long Swordsman
32:33 Squires
36:55 Hand Cart
37:51 Bow Saw
37:58 Chain Mail Armor
37:54 Forging
39:12 Murder Holes
39:31 Forging
42:43 Imperial Age
43:06 Iron Casting
42:46 Two-Handed Swordsman
43:15 Gambesons
43:16 Arson
44:05 Plate Mail Armor
44:22 Ballistics
44:27 Onager
48:12 Two-Man Saw
48:16 Blast Furnace
Connection lost

Rejoining the realm…

Still unreachable

The connection could not be restored.

Session expired

The server has moved on; the page needs a fresh start.